 Dungeon Crawl Stone Soup version 0.27-a0-906-g0a00ce863d (webtiles) character file.

Game seed: 13593241633487230327

2844 rageheart7 the Fighter (level 9, -4/62 HPs)
             Began as a Tengu Monk on Apr 6, 2021.
             Killed by divine providence
             ... invoked by an orc priest
              (16 damage)
             ... on level 8 of the Dungeon.
             The game lasted 00:17:49 (8262 turns).

rageheart7 the Fighter (Tengu Monk)                 Turns: 8262, Time: 00:17:50

Health: -4/62      AC: 14    Str: 18    XL:     9   Next: 74%
Magic:  10/10      EV: 11    Int: 10    God:
Gold:   326        SH:  0    Dex: 31    Spells: 8/8 levels left

rFire    . . .     SeeInvis .   b - +1 quarterstaff (vorpal)
rCold    . . .     Faith    .   (shield currently unavailable)
rNeg     . . .     Spirit   .   p - +4 chain mail of Levity {Str+4 Dex+7 Slay+3 Stlth-}
rPois    .         Reflect  .   (helmet restricted)
rElec    .         Harm     .   f - +1 cloak
rCorr    .         Rampage  .   (no gloves)
Will     +....                  (boots unavailable)
Stlth    ..........             l - amulet of magic regeneration
HPRegen  0.20/turn              q - ring of willpower
MPRegen  0.37/turn              x - +6 ring of dexterity

@: flying quickly and evasively, quick
A: beak, talons 3, nimble flight
a: no special abilities


You were on level 8 of the Dungeon.
You visited 2 branches of the dungeon, and saw 9 of its levels.

You collected 326 gold pieces.

Inventory:

Hand Weapons
 b - a +1 vorpal quarterstaff (weapon)
Missiles
 v - a throwing net (quivered)
 y - 6 atropa-tipped darts
Armour
 f - a +1 cloak (worn)
 p - the +4 chain mail of Levity (worn) {Str+4 Dex+7 Slay+3 Stlth-}
   (You found it on level 5 of the Dungeon)

   It affects your strength (+4).
   It affects your dexterity (+7).
   It affects your accuracy and damage with ranged weapons and melee attacks
   (+3).
   It makes you less stealthy.
 s - a +2 ring mail of poison resistance
Jewellery
 l - an amulet of magic regeneration (around neck)
 q - a ring of willpower (left hand)
 x - a +6 ring of dexterity (right hand)
Wands
 c - a wand of acid (6)
 t - a wand of paralysis (7)
Scrolls
 a - a scroll of brand weapon
 d - 2 scrolls of enchant weapon
 g - 2 scrolls of magic mapping
 h - a scroll of enchant armour
 i - 3 scrolls of vulnerability
 j - 2 scrolls of teleportation
Potions
 e - a potion of cancellation
 k - 2 potions of resistance
 n - a potion of ambrosia {unknown}
 o - 2 potions of might
 r - 2 potions of attraction {unknown}
 u - a potion of haste {unknown}
 w - a potion of lignification {unknown}
 z - a potion of mutation {unknown}


   Skills:
 * Level 9.8 Fighting
 - Level 4.1(7.5) Maces & Flails
 * Level 9.7(10.1) Staves
 - Level 3.2 Dodging
 - Level 2.0 Stealth


You had 8 spell levels left.
You didn't know any spells.
Your spell library contained the following spells:

 Spells                   Type           Power      Damage    Failure   Level
 Animate Skeleton         Necr           0%         N/A       99%         1
 Apportation              Tloc           0%         N/A       99%         1
 Corona                   Hex            0%         N/A       99%         1
 Magic Dart               Conj           0%         1d3       99%         1
 Pain                     Necr           0%         1d4       99%         1
 Summon Small Mammal      Summ           0%         N/A       99%         1
 Blink                    Tloc           N/A        N/A       100%        2
 Call Imp                 Summ           0%         N/A       100%        2
 Searing Ray              Conj           0%         3d3       100%        2
 Slow                     Hex            0%         N/A       100%        2
 Conjure Flame            Conj/Fire      0%         6-21      100%        3
 Dazzling Flash           Conj/Hex       0%         N/A       100%        3
 Mephitic Cloud           Conj/Pois/Air  0%         N/A       100%        3
 Vampiric Draining        Necr           0%         2d6       100%        3
 Animate Dead             Necr           0%         N/A       100%        4
 Fulminant Prism          Conj/Hex       0%         3d6       100%        4
 Iskenderun's Mystic Bla  Conj/Tloc      0%         2d3       100%        4
 Agony                    Necr           0%         N/A       100%        5


Dungeon Overview and Level Annotations

Branches:
Dungeon (8/15)             Temple (1/1) D:6            Lair (0/6) D:8

Altars:
Cheibriados
Dithmenos
Elyvilon
Gozag
Makhleb
Nemelex Xobeh
Okawaru
Qazlal
Ru
Sif Muna
Trog
Uskayaw
Vehumet
Wu Jian
Xom
Yredelemnul
Zin
The Shining One
Lugonu


Innate Abilities, Weirdness & Mutations

You have a beak for a mouth.
You have claws for feet.
Your magical nature lets you fly swiftly and evasively.


Message History

You sock the orc warrior!
You claw the orc warrior, but do no damage.
You peck the orc warrior, but do no damage.
The orc warrior is severely wounded.
The orc warrior hits you with a +0 hand axe!
You sock the orc warrior! Your kick misses the orc warrior.
Your peck misses the orc warrior.
The orc warrior is almost dead.
The orc warrior hits you but does no damage.
You closely miss the orc warrior.
You claw the orc warrior, but do no damage.
You peck the orc warrior, but do no damage.
The orc warrior is almost dead.
The orc priest invokes the aid of Beogh against you.
Beogh smites you!
* * * LOW HITPOINT WARNING * * *
The orc warrior misses you.
You feel better. The orc warrior barely misses you.
Okay, then.
You hit the orc warrior but do no damage.
Your kick misses the orc warrior.
The orc warrior is almost dead.
The orc warrior hits you but does no damage.
You sock the orc warrior!
You kill the orc warrior!
You sock the warg! You claw the warg. You peck the warg.
The warg is heavily wounded.
The warg bites you!
* * * LOW HITPOINT WARNING * * *
The orc priest begins to cast a cantrip, but forgets the words!
The orc wizard points at itself and mumbles some strange words.
The orc wizard flickers and vanishes!
Deactivating autopickup; reactivate with Ctrl-A.
The orc priest miscasts a cantrip.
The warg bites you but does no damage.
Okay, then.
The warg closely misses you.
The orc priest invokes the aid of Beogh against you.
Beogh smites you!
You die...

.....##.#..# ...........#. #.##
####.##....#. #......# #
.....##..#.#. #......# #.
....<##..###.####.#....# #..
.....##...........#....# ##...
#......#.####.....+[...# #....
##.....#..(.......##...# #....
.##.#...#+##....@h.....######.#
..###...+ +..........ooo..))).#
...##))##+#.......##.>....###.#
#...#......#......###.....#
#...
#....(.....#......###.....#
#####
....##.....#......+.......#
...###.....#......###.....#
...# #.....##.....####†####
...# #...................#


You could see a warg, 2 orc priests and an orc.

Vanquished Creatures
  Joseph (D:7)
  A shadow (D:7)
  2 steam dragons
  A warg (D:8)
  A water moccasin (D:6)
  An orc warrior (D:8)
  An ice beast (D:7)
  A sky beast (D:6)
  An ogre (D:5)
  A centaur (D:7)
  A phantom (D:6)
  A bullfrog (D:6)
  2 scorpions
  A wyvern skeleton (D:7)
  A water moccasin skeleton (D:6)
  A howler monkey (D:4)
  A bullfrog zombie (D:7)
  A centaur zombie (D:7)
  2 bullfrog skeletons (D:5)
  3 centaur skeletons
  2 orc priests
  3 hounds
  4 iguanas
  7 orc wizards
  A killer bee zombie (D:8)
  9 gnolls
  10 adders
  3 white imps
  An ufetubus (D:5)
  5 dart slugs
  A worm (D:4)
  5 orcs
  9 ball pythons
  A bat (D:1)
  10 endoplasms
  2 giant cockroaches (D:4)
  8 goblins
  10 hobgoblins
  6 kobolds
  3 quokkas
  3 frilled lizards
  3 rats
131 creatures vanquished.

Vanquished Creatures (others)
  A hornet (D:8)
1 creature vanquished.

Grand Total: 132 creatures vanquished

Notes
Turn   | Place    | Note
-------+----------+-------------------------------------------
     0 | D:1      | rageheart7 the Tengu Monk began the quest for the Orb.
     0 | D:1      | Reached XP level 1. HP: 14/14 MP: 2/2
   131 | D:1      | Reached XP level 2. HP: 19/19 MP: 3/3
   965 | D:1      | Reached XP level 3. HP: 23/23 MP: 4/4
  1557 | D:2      | Found a faded altar of an unknown god.
  1997 | D:3      | Found a basalt altar of Yredelemnul.
  2125 | D:3      | Reached skill level 1 in Staves
  2125 | D:3      | Reached XP level 4. HP: 29/29 MP: 5/5
  2218 | D:3      | Found an ornate altar of the Wu Jian Council.
  3027 | D:4      | Gained mutation: Your magical nature lets you fly swiftly
                  | and evasively. [Tengu growth]
  3027 | D:4      | Reached XP level 5. HP: 27/34 MP: 6/6
  3288 | D:4      | Reached skill level 5 in Fighting
  3368 | D:4      | Found a shadowy altar of Dithmenos.
  3388 | D:4      | Reached XP level 6. HP: 24/40 MP: 7/7
  4361 | D:4      | Found a bloodstained altar of Trog.
  4567 | D:5      | Entered Level 5 of the Dungeon
  4841 | D:5      | Reached XP level 7. HP: 45/45 MP: 8/8
  5117 | D:5      | Reached skill level 5 in Staves
  5406 | D:5      | Found a snail-covered altar of Cheibriados.
  5451 | D:5      | Found a radiant altar of Vehumet.
  5477 | D:5      | Identified the +4 chain mail of Levity {Str+4 Dex+7 Slay+3
                  | Stlth-}
  5647 | D:5      | Found an iron altar of Okawaru.
  5882 | D:5      | Found a shimmering blue altar of Sif Muna.
  6070 | D:6      | Reached XP level 8. HP: 49/52 MP: 9/9
  6464 | D:6      | Found a staircase to the Ecumenical Temple.
  6553 | Temple   | Entered the Ecumenical Temple
  7366 | D:7      | Found a white marble altar of Elyvilon.
  7443 | D:7      | Noticed a shadow
  7449 | D:7      | Killed a shadow
  7450 | D:7      | Reached XP level 9. HP: 58/60 MP: 10/10
  7580 | D:7      | Noticed Joseph
  7604 | D:7      | Killed Joseph
  8115 | D:8      | Noticed a hornet
  8119 | D:8      | Killed a hornet
  8225 | D:8      | Found a staircase to the Lair.
  8262 | D:8      | Killed from afar by an orc priest

Illustrated notes

Levels and vault maps discovered:
D:1:      wander_arrival_peaceful_grave, layout_basic, serial_forest,
          infiniplex_forest_straight_3, infiniplex_forest_lined_ring,
          infiniplex_forest_straight_2, infiniplex_forest_straight_3,
          infiniplex_forest_end_3, infiniplex_forest_clump_long,
          infiniplex_forest_clump_tiny
D:2:      cheibrodos_old_hovel, layout_basic,
          chequers_ecumenical_altar_simple_redux
D:3:      layout_loops_ring, nicolae_wu_jian_wuxing_cycle, old_standard_altar
D:4:      layout_basic, trog_book, nicolae_dithmenos_shadow_blocks
D:5:      layout_rooms, old_standard_altar, kennysheep_okawaru_gauntlet,
          nicolae_vehumet_radiance, marbit_many_paths, serial_co_window_serial,
          co_window_paths_a, co_window_of_opportunity_a, co_window_corner_a,
          co_window_corner_a, co_window_paths_b, co_window_of_opportunity_b,
          co_window_unsneaky_path_a, co_window_broadway_a, co_window_corner_b,
          co_window_paths_e, co_window_4corner_b
D:6:      layout_basic, minmay_temple_entry_sparse_star
D:7:      layout_cave_pods, lemuel_tele_altar, dk_vineyard_3, uniq_joseph
D:8:      layout_basic, kiku_gazebo_pond_becter, nicolae_ashenzari_panopticon,
          kennysheep_mini, erik_lair_orcish_takeover, uniq_prince_ribbit1
Temple:   kb_corrupted_temple

Skill      XL: |  1  2  3  4  5  6  7  8  9 |
---------------+----------------------------+-----
Maces & Flails | 4 |  4.1
Fighting       | 4 5 6 8 9 |  9.8
Staves         | 1 2 3 4 6 8 9 |  9.7
Dodging        | |  3.2
Stealth        | |  2.0

Action                   |  1- 3 |  4- 6 |  7- 9 || total
-------------------------+-------+-------+-------++-------
Melee: Mace              |    62 |       |       ||    62
       Kick              |    38 |    38 |    65 ||   141
       Peck              |    15 |    22 |    41 ||    78
       Quarterstaff      |    21 |   129 |   137 ||   287
  Use: Scroll            |       |    13 |     4 ||    17
       Potion            |       |     3 |     4 ||     7
 Stab: Sleeping          |     5 |       |       ||     5
       Invisible         |       |       |     2 ||     2
Armor: Robe              |     4 |       |       ||     4
       Chain mail        |    11 |    61 |    78 ||   150
Dodge: Dodged            |    10 |    36 |    60 ||   106

Table legend: (Time is in decaauts)
 A = Elapsed time spent in this place.
 B = Non-inter-level travel time spent in this place.
 C = Inter-level travel time spent in this place.
 D = Time resting spent in this place.
 E = Time spent auto-exploring this place.
 F = Levels seen in this place.
 G = Mean time per level.
                   A        B        C        D        E       F      G
               +--------+--------+--------+--------+--------+-----+--------+
         Total |   7983 |   7611 |    372 |     30 |   6413 |   9 |  887.0 |
       Dungeon |   7864 |   7509 |    355 |     30 |   6315 |   8 |  983.0 |
        Temple |    119 |    102 |     17 |      0 |     97 |   1 |  119.0 |
               +--------+--------+--------+--------+--------+-----+--------+

Top non-repeatable levels by time:
     D:4: 1629 daAuts
     D:1: 1311 daAuts
     D:3: 1196 daAuts
     D:5: 1171 daAuts
     D:7: 959 daAuts
     D:6: 743 daAuts
     D:2: 631 daAuts
     D:8: 221 daAuts
  Temple: 119 daAuts
